 Dungeon Crawl Stone Soup version 0.31-a0-836-g3ceb0a68c4 (webtiles) character file.

Game seed: 3166582301559387924

1166 Kurtz the Cleaver (level 8, -7/52 HPs)
             Began as an Octopode Fighter on Sept 26, 2023.
             Was an Initiate of Makhleb.
             Mangled by an ogre
             ... wielding a +0 giant spiked club
              (11 damage)
             ... on level 5 of the Dungeon.
             The game lasted 00:03:34 (4966 turns).

Kurtz the Cleaver (Octopode Fighter)                Turns: 4966, Time: 00:03:35

Health: -7/52      AC:  1    Str: 16    XL:     8   Next: 40%
Magic:  10/10      EV: 12    Int: 10    God:    Makhleb [......]
Gold:   30         SH:  8    Dex: 13    Spells: 7/7 levels left

rFire   . . .        c - +0 whip (flame)
rCold   . . .        C - +0 kite shield
rNeg    . . .        (helmet restricted)
rPois   .            (no amulet)
rElec   .            l - ring of wizardry
rCorr   .            (no ring)
SInv    .            (no ring)
Will    .....        (no ring)
Stlth   ++           (no ring)
HPRegen 0.28/turn    (no ring)
MPRegen 0.12/turn    (no ring)
                     (no ring)

%: wizardry (x1)
@: no status effects
A: almost no armour, amphibious, 8 rings, camouflage 1, gelatinous body 1,
(nimble swimmer 1), tentacles
a: Renounce Religion


You were on level 5 of the Dungeon.
You worshipped Makhleb.
Makhleb was noncommittal.
You visited 1 branch of the dungeon, and saw 5 of its levels.

You collected 202 gold pieces.
You spent 172 gold pieces at shops.

Inventory:

Hand Weapons
 a - a +0 war axe
 c - a +0 whip of flaming (weapon)
 s - the +2 spear of Ascent {freeze, rF+ Int+7 Stlth-}
   (You found it on level 3 of the Dungeon)

   Int+7:     It affects your intelligence (+7).
   rF+:       It protects you from fire.
   Stlth-:    It makes you less stealthy.
 w - a +0 mace of protection
Missiles
 n - 3 poisoned darts
Armour
 b - a +0 buckler
 C - a +0 kite shield (worn)
Jewellery
 l - a ring of wizardry (left tentacle)
 y - an amulet of the acrobat
Scrolls
 d - a scroll of immolation {unknown}
 g - 3 scrolls of identify {unknown}
 h - 2 scrolls of fear {unknown}
 k - a scroll of poison {unknown}
 m - 2 scrolls of revelation {unknown}
 o - 3 scrolls of enchant armour {unknown}
 r - a scroll of enchant weapon {unknown}
 t - a scroll of blinking
 v - 5 scrolls of teleportation {unknown}
Potions
 e - 2 potions of heal wounds
 f - a potion of mutation {unknown}
 i - a potion of cancellation {unknown}
 j - 2 potions of degeneration {unknown}
 p - a potion of magic {unknown}
 q - a potion of ambrosia {unknown}
 u - a potion of experience {unknown}
 x - a potion of curing {unknown}
 z - a potion of brilliance {unknown}
 A - a potion of attraction {unknown}
 B - a potion of invisibility {unknown}


   Skills:
 - Level 3.0 Fighting
 * Level 9.5 Axes
 * Level 3.1 Dodging
 * Level 3.0 Shields
 * Level 2.8 Invocations


You had 7 spell levels left.
You didn't know any spells.
Your spell library contained the following spells:

 Spells                   Type           Power      Damage    Failure   Level
 Apportation              Tloc           0%         N/A       41%         1
 Necrotise                Necr           0%         1d4       41%         1
 Shock                    Conj/Air       0%         1d3       41%         1
 Summon Small Mammal      Summ           0%         N/A       41%         1
 Sublimation of Blood     Necr           0%         N/A       52%         2
 Wereblood                Tmut           0%         N/A       52%         2
 Swiftness                Air            0%         N/A       77%         3
 Airstrike                Air            0%         2d(0-16)  98%         4
 Summon Hydra             Summ           0%         N/A       100%        7


Dungeon Overview and Level Annotations

Branches:
Dungeon (5/15)
 Temple: D:4-7

Altars:
Fedhas
Makhleb
Yredelemnul
Zin

Shops:
D:4 ?   D:5 *=[[

Annotations:
D:4 1 runed translucent door


Innate Abilities, Weirdness & Mutations

You cannot wear most types of armour.
You are amphibious.
You can wear up to eight rings at the same time.
Your skin changes colour to match your surroundings (Stealth+).
Your rubbery body absorbs attacks. (AC +1, EV +1)
((You are camouflaged when in or above water. (Stealth+)))
You have tentacles for arms and can constrict up to eight enemies at once.


Message History

No target in view!
You see here a +0 club.
g - 3 scrolls labelled SATSOB ZIELU (gained 1)
Items here: )) [[.
Things that are here:
a +0 dagger; a +0 robe
Things that are here:
a +0 whip; a +0 leather armour; a +0 short sword
Items here: )) [[.
An ogre comes into view. It is wielding a +0 giant spiked club.
An ogre is nearby!
An ogre is nearby!
You see here a scroll labelled SATSOB ZIELU.
The helpless ogre fails to defend itself.
You hit the ogre. You burn the ogre.
The ogre is lightly wounded.
The ogre hits you with a +0 giant spiked club!!
Ouch! That really hurt!
You are too injured to fight recklessly!
You are too injured to fight recklessly!
You are too injured to fight recklessly!
You hit the ogre. You burn the ogre.
The ogre is moderately wounded.
The ogre misses you.
You whack the ogre! You burn the ogre. Your squeeze misses the ogre.
The ogre is heavily wounded.
You hit the ogre. You burn the ogre.
The ogre is heavily wounded.
The ogre hits you with a +0 giant spiked club!
You barely miss the ogre.
The ogre is heavily wounded.
The ogre hits you with a +0 giant spiked club!
* * * LOW HITPOINT WARNING * * *
Unknown command.
You hit the ogre. You burn the ogre.
The ogre is severely wounded.
You completely miss the ogre.
The ogre is severely wounded.
The ogre hits you with a +0 giant spiked club!
You die...

## #..#.#...#.# #.#.#
#.#...#.#.# .# #..#.###.#.#
#.#.# #.#.###.#.# .#
#..#.....#.# ..#.. #.#.....#.#
.#
#..####.##.#########.#######.#
.# #.......##...........# #.#
.# #..#######.#########.# #.#
.# #..# #.# .# #.# )###..#
#.###O# #.# )..)..# #...@.#
#.# ####.#####################
#.# #.....................#
#.. ######.........######.#
### #.#...#...# #.# #..
#.#..###))# #.# #.#
#.#.#.#.#.# #.# #.#
#.....#...### #.# #.#
##....#.....# #.# #.#


You could see an ogre.

Vanquished Creatures
  Pikel (D:4)
  A phantom (D:5)
  A lemure (D:5)
  Blork the orc (D:5)
  3 scorpions
  2 hounds
  An orc priest (D:4)
  A jelly (D:5)
  2 iguanas (D:4)
  A sleepcap (D:5)
  3 orc wizards
  An adder (D:5)
  A shadow imp (D:4)
  2 worms (D:2)
  3 dart slugs
  16 orcs
  10 ball pythons
  2 bats
  3 endoplasms
  2 giant cockroaches (D:2)
  6 goblins
  5 hobgoblins
  4 jackals (D:1)
  2 quokkas
  2 frilled lizards
  4 kobolds
  A kobold skeleton (D:4)
  4 rats
85 creatures vanquished.

Notes
Turn   | Place    | Note
-------+----------+-------------------------------------------
     0 | D:1      | Kurtz the Octopode Fighter began the quest for the Orb.
     0 | D:1      | Reached XP level 1. HP: 16/16 MP: 1/1
    68 | D:1      | Reached XP level 2. HP: 21/21 MP: 2/2
   211 | D:1      | Reached skill level 3 in Axes
   215 | D:1      | Found a faded altar of an unknown god.
   305 | D:1      | Reached XP level 3. HP: 14/26 MP: 3/3
  1112 | D:2      | Reached skill level 4 in Axes
  1518 | D:3      | Reached XP level 4. HP: 31/31 MP: 4/4
  1895 | D:3      | Found a burning altar of Makhleb.
  1895 | D:3      | Noticed a cacodemon
  2317 | D:3      | Noticed an orange demon
  2317 | D:3      | Noticed an orange demon
  2319 | D:3      | Became a worshipper of Makhleb the Destroyer
  2435 | D:3      | Identified the +2 spear of Ascent {freeze, rF+ Int+7
                  | Stlth-}
  2548 | D:4      | Noticed a scorpion
  2551 | D:4      | Killed a scorpion
  2552 | D:4      | Reached skill level 5 in Axes
  2552 | D:4      | Reached XP level 5. HP: 29/36 MP: 5/5
  2582 | D:4      | Found Ukhlez's Magic Scroll Boutique.
  2589 | D:4      | Bought a scroll of blinking for 105 gold pieces
  3025 | D:4      | Reached skill level 1 in Invocations
  3033 | D:4      | Reached skill level 6 in Axes
  3033 | D:4      | Reached XP level 6. HP: 35/42 MP: 6/6
  3176 | D:4      | Found a runed translucent door.
  3177 | D:4      | Noticed a human
  3180 | D:4      | Found a basalt altar of Yredelemnul.
  3227 | D:4      | Found a glowing silver altar of Zin.
  3382 | D:4      | Found a blossoming altar of Fedhas.
  3638 | D:5      | Entered Level 5 of the Dungeon
  3653 | D:5      | Reached skill level 7 in Axes
  3781 | D:5      | Found Tulecap's Jewellery Boutique.
  3796 | D:5      | Reached XP level 7. HP: 41/46 MP: 8/8
  3822 | D:5      | Found Wureo's Antique Armour Shoppe.
  3881 | D:5      | Noticed Pikel
  4028 | D:4      | Killed Pikel
  4029 | D:4      | Reached skill level 8 in Axes
  4029 | D:4      | Reached XP level 8. HP: 6/52 MP: 9/9
  4218 | D:5      | Found Umnen's Assorted Antiques.
  4307 | D:5      | Noticed Blork the orc
  4317 | D:5      | Killed Blork the orc
  4318 | D:5      | Reached skill level 9 in Axes
  4631 | D:5      | Found Culure's Armour Shop.
  4636 | D:5      | Bought a +0 kite shield for 67 gold pieces
  4966 | D:5      | Mangled by an ogre

Illustrated notes

Levels and vault maps discovered:
D:1:      saegor_arrival_simple_b, layout_basic, ebering_ecumenical_altar_rust,
          minmay_shallow_snake_nest
D:2:      layout_basic
D:3:      layout_rooms, makhleb_altar_promises_db, serial_co_window_serial,
          co_window_of_opportunity_a, co_window_corner_a, co_window_corner_a,
          co_window_cross_1, co_window_paths_b, co_window_cross_2,
          co_window_corner_cb, co_window_of_opportunity_c, co_window_broadway_b,
          co_window_cross_4, co_window_of_opportunity_b, co_window_4corner_b,
          glass_columns_c, glass_columns_a, glass_columns_a, glass_columns_b,
          minmay_misc_feat_doors
D:4:      layout_loops_cross, mainiacjoe_overflow_chevrons, fedhas_altar_1,
          dk_yredelemnul_ordeal, serial_shops, nicolae_shop_rolling_square,
          minmay_surrounded
D:5:      mumra_celtic_spiral_tile, layout_basic, serial_shops,
          nicolae_shop_advertising_works [nicolae_subvault_shop_adworks], shop,
          shop, nicolae_shop_gaudy_bauble, nicolae_shop_pleasant_corner_grove,
          uniq_pikel, uniq_blork_the_orc

Skill      XL: |  1  2  3  4  5  6  7  8 |
---------------+-------------------------+-----
Axes           | 3 4 5 6 7 8 9 |  9.5
Invocations    | 1 2 |  2.8
Fighting       | |  3.0
Dodging        | |  3.1
Shields        | |  3.0

Action                     |  1- 3 |  4- 6 |  7- 9 || total
---------------------------+-------+-------+-------++-------
  Melee: War axe           |    67 |    50 |       ||   117
         Constrict         |    17 |    18 |    16 ||    51
         Tentacles         |    11 |    14 |    20 ||    45
         Mace              |       |    16 |    18 ||    34
         Whip              |       |       |    78 ||    78
         Punch             |       |       |     1 ||     1
    Use: Potion            |       |       |     2 ||     2
   Stab: Sleeping          |    12 |       |     1 ||    13
 Armour: Skin              |    18 |    29 |    52 ||    99
  Dodge: Dodged            |    31 |    30 |    35 ||    96
  Block: Buckler           |     8 |     8 |    12 ||    28
         Kite shield       |       |       |     5 ||     5

Table legend: (Time is in decaauts)
 A = Elapsed time spent in this place.
 B = Non-inter-level travel time spent in this place.
 C = Inter-level travel time spent in this place.
 D = Time resting spent in this place.
 E = Time spent auto-exploring this place.
 F = Levels seen in this place.
 G = Mean time per level.
                   A        B        C        D        E       F      G
               +--------+--------+--------+--------+--------+-----+--------+
         Total |   5007 |   4653 |    354 |    775 |   3207 |   5 | 1001.4 |
       Dungeon |   5007 |   4653 |    354 |    775 |   3207 |   5 | 1001.4 |
               +--------+--------+--------+--------+--------+-----+--------+

Top non-repeatable levels by time:
     D:4: 1332 daAuts
     D:3: 1111 daAuts
     D:5: 1097 daAuts
     D:1: 743 daAuts
     D:2: 722 daAuts
